 Dungeon Crawl Stone Soup version 0.17.1-3-g152610e (webtiles) character file.

7411 Goblin1989 the Basher (level 11, -12/56 HPs)
             Began as a Vine Stalker Gladiator on May 4, 2016.
             Was an Initiate of Gozag.
             Engulfed by an ice statue's freezing vapour (24 damage)
             ... on level 11 of the Dungeon.
             The game lasted 00:32:29 (8572 turns).

Goblin1989 the Basher (Vine Stalker Gladiator)      Turns: 8572, Time: 00:32:30

Health: -12/56     AC: 17    Str: 18    XL:     11   Next: 14%
Magic:  0/12       EV:  7    Int:  8    God:    Gozag
Gold:   1655       SH:  0    Dex: 20    Spells: 0 memorised, 10 levels left

rFire  . . .     SeeInvis .     b - +0 morningstar (venom)
rCold  . . .     Clarity  .     E - +0 plate armour
rNeg   + . .     SustAt   +     (no shield)
rPois  .         Gourm    .     c - +0 helmet
rElec  .         Spirit   +     q - +0 cloak
rCorr  .         Warding  +     t - +2 pair of gloves
rMut   .         Stasis   .     (no boots)
MR     +....                    n - amulet of warding
Stlth  ..........               (no ring)
                                k - ring of sustain attributes

@: lethally poisoned (-12 -> -13), somewhat resistant to hostile enchantments,
extremely unstealthy
A: fangs 3, agile 1, regeneration 2, magic shield, antimagic bite, no device
heal 3, rot immunity
a: Potion Petition, Call Merchant, Bribe Branch, Renounce Religion


You were on level 11 of the Dungeon.
You worshipped Gozag.
Gozag was noncommittal.
You were not hungry.

You visited 1 branch of the dungeon, and saw 11 of its levels.
You also visited: Sewer, Ossuary and Bailey.

You collected 2397 gold pieces.
You spent 647 gold pieces at shops.
You paid 95 gold pieces to Gozag.

Inventory:

Hand Weapons
 b - a +0 morningstar of venom (weapon)
Missiles
 d - 3 throwing nets
 i - 4 poisoned tomahawks
 I - 9 tomahawks
 S - 4 javelins (quivered)
Armour
 c - a +0 helmet (worn)
 q - a +0 cloak (worn)
 t - a +2 pair of gloves (worn)
 E - a +0 plate armour (worn)
 H - a +0 crystal plate armour
Jewellery
 k - a ring of sustain attributes (left hand)
 n - an amulet of warding (around neck)
 p - an uncursed ring of fire
 v - an uncursed amulet of stasis
 K - an uncursed amulet of resist mutation {unknown}
Wands
 u - a wand of draining (8)
 w - a wand of confusion (18)
 A - a wand of digging (15)
 B - a wand of disintegration (14)
 J - a wand of flame (17)
 W - a wand of cold (7)
Scrolls
 a - 5 scrolls of teleportation
 g - a scroll of remove curse
 j - 9 scrolls of enchant armour {unknown}
 m - 2 scrolls of fear
 o - 3 scrolls of magic mapping
 y - 3 scrolls of amnesia
 F - 4 scrolls of enchant weapon
 G - 3 scrolls of blinking
 L - a scroll of summoning {unknown}
 M - a scroll of fog {unknown}
 N - a scroll of holy word
 O - a scroll of immolation
Potions
 e - 3 potions of flight
 f - a potion of beneficial mutation
 h - a potion of brilliance
 l - 10 potions of curing
 r - 2 potions of magic
 s - 2 potions of lignification
 C - a potion of ambrosia {unknown}
 D - 3 potions of berserk rage
 P - a potion of agility
 Q - a potion of cancellation {unknown}
 V - a potion of might
Comestibles
 x - 5 bread rations
 R - a beef jerky
 T - 4 fruits
 U - a slice of pizza


   Skills:
 + Level 6.0 Fighting
 * Level 13.1 Maces & Flails
 - Level 1.7 Throwing
 + Level 4.7 Armour
 - Level 2.4 Dodging


You had 10 spell levels left.
You didn't know any spells.

Dungeon Overview and Level Annotations

Branches:
Dungeon (11/15)            Temple (0/1) D:6            Lair (0/8) D:10
    Orc: D:9-12

Altars:
Ashenzari
Dithmenos
Gozag
Kikubaaqudgha
Okawaru
Xom
The Shining One

Shops:
D:6 ?   D:8 ?

Portals:
Ice
Cave: D:11

Annotations:
D:11 exclusion: ice statue


Innate Abilities, Weirdness & Mutations

You have razor-sharp teeth.
You heal very quickly.
When hurt, damage is shared between your health and your magic reserves.
Your bite disrupts and absorbs the magic of your enemies.
Potions and wands cannot restore your health.
You are immune to rotting.
You are agile. (Dex +2)


Message History

You feel sick.
You sock the ice statue!
You bite the ice statue, but do no damage.
You completely miss the ice statue.
You bite the ice statue, but do no damage.
The ice statue glitters chillingly in the dim dungeon light.
You hit the ice statue. You bite the ice statue!
The ice statue's magic leaks into the air.
You drain its magic.
You feel invigorated. The ice statue throws cold at you.
The freezing blast engulfs you!
You take 10 damage, and have 19/56 hp.
You thump the ice statue!
You bite the ice statue, but do no damage.
You are engulfed in freezing vapours.
* * * LOW HITPOINT WARNING * * *
You take 7 damage, and have 12/56 hp.
You now have 6/12 mp.
You are engulfed in freezing vapours.
You die...
Your body crumbles into a pile of gold.

*,,,,,,* *,,,,,* *,**,*,*
*,,,,,,* *,,,,,***,**,*,*
*,**,*,* *,,,,,,,*,,,,,,*
*,**,*** *******,****,***
*,****######## *,# *,*
*,****#......# *.# *,*
*,,,,*#...§§§#####.#***,*
******#.∩.8§§§.#...,,,,,***
#.$.@§§#.#.#,***,,,,,
#......#...#># *,*,,,
########..##.#**,*,*,
*********** ###....#*,,,,,,
,,,,,,,,,,* #...####,,,,,,,
,********,* ##.## *,,***,*
** ***,**** #...# *,,**,,*
*,,,,,,* #...# *,,**,**
*,*,**,* #...# *,,**,**


You could see an ice statue.

Vanquished Creatures
  Erica (D:9)
  Pikel (D:4)
  2 trolls
  A shadow (D:9)
  A deep elf mage (D:9)
  2 humans (D:7)
  5 wolves (D:10)
  A hungry ghost (D:8)
  A hippogriff (D:7)
  4 slaves (D:4)
  A soldier ant (D:11)
  A water moccasin (D:7)
  2 black bears (D:8)
  The ghost of pedritolo the Ruffian, an amateur VSTm (D:4)
  6 orc warriors (Bailey)
  An ice beast (D:4)
  5 ogres
  2 necrophages
  5 centaurs
  Blork the orc (D:6)
  3 giant frogs
  3 scorpions
  2 electric eels (D:10)
  3 wights (D:7)
  4 crimson imps
  A quasit (D:8)
  3 jellies
  5 hounds
  3 giant frog skeletons
  5 worker ants
  6 orc priests
  A centaur skeleton (D:7)
  5 iguanas
  5 orc wizards
  8 mummies (Ossuary)
  Robin (D:3)
  9 river rats
  11 adders
  A gnoll (D:7)
  2 oozes
  An adder zombie (D:9)
  3 worms
  5 giant geckos
  55 orcs
  14 bats
  4 giant cockroaches
  3 gnoll zombies (Ossuary)
  16 goblins
  10 hobgoblins
  11 jackals
  13 kobolds
  6 quokkas
  5 ball pythons
  2 giant gecko zombies
  11 giant newts
  A hobgoblin zombie (Ossuary)
  A jackal skeleton (D:4)
  A kobold zombie (Ossuary)
  3 orc zombies (Ossuary)
  10 rats
300 creatures vanquished.

Notes
Turn   | Place    | Note
--------------------------------------------------------------
     0 | D:1      | Goblin1989 the Vine Stalker Gladiator began the quest for the Orb.
     0 | D:1      | Reached XP level 1. HP: 11/11 MP: 2/2
    52 | D:1      | Reached skill level 3 in Maces & Flails
   204 | D:1      | Reached XP level 2. HP: 15/15 MP: 3/3
   821 | D:2      | Reached XP level 3. HP: 18/18 MP: 4/4
   942 | D:2      | Reached skill level 4 in Maces & Flails
  1020 | D:2      | Reached XP level 4. HP: 20/23 MP: 5/5
  1606 | D:3      | Noticed Robin
  1849 | D:3      | Found an ancient bone altar of Kikubaaqudgha.
  1936 | D:3      | Reached skill level 5 in Maces & Flails
  1970 | D:3      | Reached XP level 5. HP: 26/26 MP: 6/6
  2245 | D:3      | Killed Robin
  2500 | D:4      | Gained mutation: You heal very quickly. [Vine Stalker growth]
  2500 | D:4      | Reached XP level 6. HP: 25/30 MP: 7/7
  2538 | D:4      | Reached skill level 6 in Maces & Flails
  2649 | D:4      | Found a glowing golden altar of the Shining One.
  2649 | D:4      | Found an opulent altar of Gozag.
  2653 | D:4      | Became a worshipper of Gozag Ym Sagoz the Greedy
  2703 | D:4      | Noticed an ice beast
  2724 | D:4      | Killed an ice beast
  2827 | D:4      | Found a glowing drain.
  2837 | Sewer    | Entered a sewer
  3262 | D:4      | Reached XP level 7. HP: 34/34 MP: 8/8
  3264 | D:4      | Reached skill level 7 in Maces & Flails
  3288 | D:4      | Noticed an ogre
  3290 | D:4      | Noticed a slave
  3291 | D:4      | Noticed a slave
  3297 | D:4      | Noticed a slave
  3298 | D:4      | Killed an ogre
  3306 | D:4      | Killed a slave
  3312 | D:4      | Noticed a slave
  3316 | D:4      | Killed a slave
  3318 | D:4      | Noticed Pikel
  3323 | D:4      | Killed a slave
  3324 | D:4      | Killed a slave
  3333 | D:4      | Killed Pikel
  3333 | D:4      | Reached skill level 8 in Maces & Flails
  3333 | D:4      | Gained mutation: You have razor-sharp teeth. [Vine Stalker growth]
  3333 | D:4      | Reached XP level 8. HP: 35/38 MP: 7/9
  3425 | D:4      | Reached skill level 9 in Maces & Flails
  3439 | D:4      | Noticed pedritolo's ghost (amateur VSTm)
  3446 | D:4      | Killed pedritolo's ghost
  3529 | D:5      | Entered Level 5 of the Dungeon
  3568 | D:5      | Noticed a troll
  3887 | D:6      | Noticed Blork the orc
  3898 | D:6      | Killed Blork the orc
  3898 | D:6      | Reached skill level 10 in Maces & Flails
  3925 | D:6      | Found a shadowy altar of Dithmenos.
  3930 | D:6      | Found a sand-covered staircase.
  3935 | Ossuary  | Entered an ossuary
  4219 | D:6      | Reached XP level 9. HP: 42/42 MP: 10/10
  4396 | D:6      | Found a staircase to the Ecumenical Temple.
  4568 | D:6      | Found Rukegewn's Magic Scroll Boutique.
  4577 | D:6      | Bought a scroll of enchant weapon for 75 gold pieces
  4577 | D:6      | Bought a scroll of blinking for 75 gold pieces
  4577 | D:6      | Bought a scroll of teleportation for 30 gold pieces
  4577 | D:6      | Bought a scroll of fear for 35 gold pieces
  4577 | D:6      | Bought a scroll of identify for 20 gold pieces
  4577 | D:6      | Bought a scroll of blinking for 75 gold pieces
  4577 | D:6      | Bought a scroll of identify for 20 gold pieces
  4859 | D:7      | Found a shimmering altar of Xom.
  4926 | D:7      | Found a flagged portal.
  4955 | Bailey   | Entered a bailey
  4983 | Bailey   | Reached skill level 11 in Maces & Flails
  5198 | Bailey   | Reached skill level 1 in Armour
  5397 | Bailey   | Noticed an orc knight
  5400 | Bailey   | Noticed an orc knight
  5400 | Bailey   | Noticed an orc knight
  5814 | D:7      | Found an iron altar of Okawaru.
  5956 | D:7      | Reached XP level 10. HP: 38/49 MP: 8/11
  6267 | D:8      | Reached skill level 12 in Maces & Flails
  6408 | D:8      | Found a glowing golden altar of the Shining One.
  6971 | D:8      | Found Raumoras's Magic Scroll Emporium.
  7027 | D:8      | Bought a scroll of holy word for 97 gold pieces
  7027 | D:8      | Bought a scroll of immolation for 45 gold pieces
  7027 | D:8      | Bought a scroll of vulnerability for 97 gold pieces
  7027 | D:8      | Bought a scroll of identify for 26 gold pieces
  7027 | D:8      | Bought a scroll of identify for 26 gold pieces
  7027 | D:8      | Bought a scroll of identify for 26 gold pieces
  7032 | D:8      | Gained mutation: You are agile. (Dex +2) [potion of beneficial mutation]
  7353 | D:9      | Found a shattered altar of Ashenzari.
  7493 | D:9      | Noticed Erica
  7509 | D:9      | Killed Erica
  7509 | D:9      | Reached skill level 5 in Fighting
  7920 | D:10     | Entered Level 10 of the Dungeon
  8029 | D:10     | Reached XP level 11. HP: 5/56 MP: 9/12
  8034 | D:10     | Reached skill level 13 in Maces & Flails
  8160 | D:10     | Found a staircase to the Lair.
  8562 | D:11     | Found a frozen archway.
  8572 | D:11     | Engulfed by an ice statue's freezing vapour

Action                   |  1- 3 |  4- 6 |  7- 9 | 10-12 || total
-------------------------+-------+-------+-------+-------++-------
Melee: Flail             |   107 |   178 |       |       ||   285
       Morningstar       |       |    84 |   349 |   252 ||   685
Invok: Potion Petition   |       |       |     1 |       ||     1
Evoke: Wand              |       |       |     1 |     2 ||     3
  Use: Scroll            |       |     4 |    10 |     7 ||    21
       Potion            |       |       |     9 |     1 ||    10
 Stab: Sleeping          |       |     2 |       |       ||     2
       Invisible         |       |       |     6 |       ||     6
       Distracted        |       |       |     1 |     2 ||     3
  Eat: Chunk             |       |     5 |       |       ||     5
       Bread ration      |       |     1 |       |     1 ||     2
       Pizza             |       |     1 |       |       ||     1
       Meat ration       |       |       |     1 |     4 ||     5
       Beef jerky        |       |       |     1 |       ||     1
